 Seeded DCSS version 0.30-a0-743-gbfdf073431 (webtiles) character file.

Game seed: 20230206 (custom seed)

7 a11behringer the Chopper (level 1, -3/20 HPs)
             Began as a Minotaur Berserker on Feb 6, 2023.
             Was a Follower of Trog.
             Slain by a kobold
             ... wielding a +0 short sword
              (4 damage)
             ... on level 1 of the Dungeon.
             The game lasted 00:00:29 (60 turns).

a11behringer the Chopper (Minotaur Berserker)         Turns: 60, Time: 00:00:30

Health: -3/20      AC:  2    Str: 21    XL:     1   Next: 83%
Magic:  0/0        EV:  9    Int:  4    God:    Trog [*.....]
Gold:   0          SH:  0    Dex:  9    Spells: 0/0 levels left

rFire   . . .      SeeInvis .    a - +0 hand axe
rCold   . . .      Faith    .    (no shield)
rNeg    . . .      Spirit   .    b - +0 animal skin
rPois   .          Reflect  .    (helmet restricted)
rElec   .          Harm     .    (no cloak)
rCorr   .          Rampage  .    (no gloves)
Will    .....                    (no boots)
Stlth   +                        (no amulet)
HPRegen 0.23/turn                (no ring)
MPRegen 0.07/turn                (no ring)

@: constricted
A: horns 2, retaliatory headbutt
a: Renounce Religion, Berserk


You were on level 1 of the Dungeon.
You worshipped Trog.
Trog was aware of your devotion.
You visited 1 branch of the dungeon, and saw 1 of its levels.

Inventory:

Hand Weapons
 a - a +0 hand axe (weapon)
Armour
 b - a +0 animal skin (worn)
Potions
 c - a potion of brilliance {unknown}


   Skills:
 + Level 3.7 Fighting
 + Level 3.8 Axes
 + Level 2.6 Armour
 + Level 2.3 Dodging


You couldn't memorise any spells.
You didn't know any spells.
Your spell library was empty.

Dungeon Overview and Level Annotations

Branches:
Dungeon (1/15)

Altars:


Innate Abilities, Weirdness & Mutations

You have a pair of horns on your head.
You reflexively headbutt those who attack you in melee.


Message History

A giant cockroach comes into view.
The kobold shouts!
You hit the dart slug.
The dart slug is severely wounded.
You hear an angry hiss.
You slash the dart slug!
You kill the dart slug!
Trog accepts your kill.
The kobold hits you with a +0 short sword.
* * * LOW HITPOINT WARNING * * *
You hit the kobold.
You kill the kobold!
Trog accepts your kill.
You hit the rat.
You kill the rat!
Trog accepts your kill.
A ball python comes into view.
The ball python hisses angrily.
The ball python closely misses you. The ball python grabs you.
The ball python constricts you.
* * * LOW HITPOINT WARNING * * *
Things that are here:
a +0 short sword; a kobold corpse You escape the ball python's grasp.
The ball python completely misses you. The ball python grabs you.
The ball python constricts you.
* * * LOW HITPOINT WARNING * * *
You escape the ball python's grasp.
Things that are here:
a +0 short sword; a kobold corpse You closely miss the ball python.
Your headbutt misses the ball python. The ball python closely misses you. x2
The ball python bites you but does no damage.
The ball python grabs you. The ball python constricts you.
* * * LOW HITPOINT WARNING * * *
You closely miss the kobold. You punch the kobold, but do no damage.
You hit the ball python. The ball python bites you.
* * * LOW HITPOINT WARNING * * *
The ball python constricts you.
The kobold hits you with a +0 short sword.
You die...

.... #.####.##
.....#####.#
...........#
......###.#####.##
..... #.........
#..###.####.###
#......# ##.##†###
#...#@######.
#.SK.......
#..S#....###.
#.......##.#
......... .#
........# #
......### #.#...
####


You could see 2 ball pythons and a kobold.

Vanquished Creatures
  A dart slug (D:1)
  A kobold (D:1)
  A ball python (D:1)
  A bat (D:1)
  A frilled lizard (D:1)
  A rat (D:1)
6 creatures vanquished.

Notes
Turn   | Place    | Note
-------+----------+-------------------------------------------
     0 | D:1      | a11behringer the Minotaur Berserker began the quest for the
                  | Orb.
     0 | D:1      | Reached XP level 1. HP: 19/19 MP: 0/0
    60 | D:1      | HP: 1/20 [ball python (3)]
    60 | D:1      | Slain by a kobold

Illustrated notes

Levels and vault maps discovered:
D:1:      lightli_arrival_isolated_outpost, layout_loops_ring

Action                     || total
---------------------------++-------
  Melee: Hand axe          ||    12
         Headbutt          ||     1
         Punch             ||     1
 Armour: Animal skin       ||     3
  Dodge: Dodged            ||    10

Table legend: (Time is in decaauts)
 A = Elapsed time spent in this place.
 B = Non-inter-level travel time spent in this place.
 C = Inter-level travel time spent in this place.
 D = Time resting spent in this place.
 E = Time spent auto-exploring this place.
 F = Levels seen in this place.
 G = Mean time per level.
                   A        B        C        D        E       F      G
               +--------+--------+--------+--------+--------+-----+--------+
         Total |     61 |     52 |      9 |      0 |     22 |   1 |   61.0 |
       Dungeon |     61 |     52 |      9 |      0 |     22 |   1 |   61.0 |
               +--------+--------+--------+--------+--------+-----+--------+

Top non-repeatable levels by time:
     D:1: 61 daAuts
